Map: 글리터링 애쉬즈 - 래더

Players

iGMacSed (MacSed)

  • Race: Protoss Protoss
  • League: Grandmaster

Bunny - Winner!

  • Race: Terran Terran

Event: DreamHack SC2 Masters Last Chance 2022

VOD

Have the link to the VOD?

Description

Time

  • Played on: Dec. 15, 2021, 4:39 a.m.
  • Length: 9:11

All games in this series

Show
View Real Time Build Order
Export as new Build Order

iGMacSed Protoss 

Build Orders: 1 Gate Expand, Oracle Opening, Phoenix Opening, Colossus Rush 

Get SALT Encoding   

  12  0:00  Probe  
  13  0:12  Probe  
  14  0:16  Pylon  
  14  0:24  Probe (Chrono Boost)  
  15  0:35  Gateway  
  16  0:36  Probe (Chrono Boost)  
  16  0:43  Probe (Chrono Boost)  
  16  0:45  Assimilator  
  17  0:50  Probe  
  18  1:03  Probe  
  19  1:15  Probe  
  20  1:22  Cybernetics Core  
  20  1:31  Nexus  
  20  1:38  Pylon  
  20  1:43  Probe  
  21  1:50  Assimilator  
  21  1:55  Probe  
  21  1:56  Adept (Chrono Boost)  
  24  2:08  Probe  
  24  2:20  Probe (Chrono Boost), Stargate  
  25  2:25  Adept (Chrono Boost)  
  27  2:32  Probe (Chrono Boost)  
  27  2:33  Warp Gate  
  28  2:38  Probe (Chrono Boost)  
  28  2:43  Probe  
  30  2:46  Probe  
  30  2:51  Adept (Chrono Boost)  
  33  2:55  Probe  
  35  2:58  Probe  
  35  3:03  Oracle (Chrono Boost)  
  35  3:07  Probe  
  35  3:10  Probe  
  40  3:19  Pylon  
  41  3:20  Probe  
  41  3:22  Probe  
  42  3:32  Probe  
  42  3:33  Gateway, Phoenix  
  45  3:34  Probe  
  46  3:42  Assimilator  
  46  3:44  Probe  
  46  3:47  Robotics Facility, Probe  
  48  3:56  Probe  
  48  3:59  Assimilator, Probe  
  48  4:00  Pylon  
  50  4:08  Probe  
  53  4:11  Probe  
  54  4:21  Probe  
  54  4:23  Probe  
  54  4:33  Probe  
  54  4:35  Probe  
  54  4:36  Robotics Bay, Forge  
  54  4:37  Gateway  
  56  4:39  Gateway, Observer (Chrono Boost)  
  56  4:40  Sentry  
  59  4:50  Pylon  
  59  4:57  Pylon  
  59  4:59  Pylon  
  59  5:06  Immortal (Chrono Boost)  
  59  5:12  Protoss Ground Weapons Level 1  
  59  5:13  Zealot, Sentry  
  67  5:17  Nexus  
  67  5:19  Probe x2, Shield Battery  
  69  5:27  Extended Thermal Lance  
  69  5:31  Probe  
  69  5:34  Probe  
  71  5:37  Colossus (Chrono Boost)  
  71  5:40  Sentry  
  79  5:43  Probe  
  79  5:46  Probe  
  79  5:47  Pylon  
  81  5:55  Probe  
  82  5:57  Twilight Council  
  82  5:58  Probe  
  83  6:05  Phoenix  
  83  6:08  Probe  
  83  6:09  Stalker  
  83  6:10  Stalker, Probe  
  91  6:15  Pylon  
  91  6:20  Probe  
  91  6:22  Probe  
  93  6:31  Probe  
  100  6:34  Zealot x2  
  100  6:36  Phoenix (Chrono Boost)  
  106  6:42  Zealot x2  
  106  6:46  Probe  
  111  6:52  Probe x2  
  113  6:58  Assimilator, Probe, Phoenix (Chrono Boost)  
  116  7:01  Assimilator  
  116  7:04  Probe  
  109  7:09  Zealot x4  
  101  7:21  Probe  
  93  7:23  Probe  
  93  7:25  Probe  
  94  7:30  Stalker x4  
  94  7:35  Probe (Chrono Boost)  
  103  7:37  Probe (Chrono Boost)  
  103  7:38  Probe (Chrono Boost)  
  104  7:46  Robotics Facility, Probe (Chrono Boost)  
  104  7:47  Probe (Chrono Boost)  
  104  7:49  Probe (Chrono Boost)  
  107  7:51  Probe (Chrono Boost)  
  107  7:52  Probe (Chrono Boost)  
  110  7:58  Probe (Chrono Boost)  
  110  8:02  Phoenix  
  110  8:05  Probe (Chrono Boost)  
  114  8:06  Robotics Facility  
  114  8:10  Probe (Chrono Boost)  
  115  8:15  Probe (Chrono Boost)  
  115  8:16  Probe (Chrono Boost)  
  115  8:20  Probe (Chrono Boost)  
  115  8:21  Probe (Chrono Boost)  
  115  8:22  Probe (Chrono Boost)  
  117  8:32  Probe  
  117  8:35  Probe x2  
  117  8:36  Phoenix  
  111  8:44  Zealot  
  111  8:45  Zealot x3  
  110  8:49  Probe  
  110  8:50  Probe  
  97  8:56  Nexus  
  78  9:06  Zealot x4  
Show
View Real Time Build Order
Export as new Build Order

Bunny Terran - Winner!

Build Orders: Reaper Expand 

Get SALT Encoding   

  12  0:00  SCV  
  13  0:12  SCV  
  14  0:17  Supply Depot  
  14  0:24  SCV  
  15  0:38  SCV  
  15  0:39  Barracks  
  16  0:43  Refinery  
  16  0:50  SCV  
  17  1:03  SCV  
  18  1:15  SCV  
  19  1:26  Reaper  
  19  1:27  Orbital Command  
  20  1:41  Command Center  
  20  1:50  Supply Depot  
  20  1:52  SCV  
  21  1:59  Barracks Reactor  
  21  2:04  SCV  
  22  2:16  SCV  
  22  2:21  Command Center  
  23  2:28  Barracks  
  23  2:29  SCV  
  24  2:35  Marine x2  
  26  2:41  SCV  
  27  2:47  Bunker  
  27  2:53  SCV  
  27  2:54  Orbital Command  
  27  2:56  Marine  
  27  2:57  Marine  
  30  3:05  SCV  
  31  3:14  Marine  
  31  3:15  Marine  
  31  3:16  Barracks Tech Lab  
  31  3:17  SCV  
  34  3:20  SCV  
  35  3:29  SCV  
  35  3:30  Engineering Bay  
  35  3:32  SCV  
  35  3:33  Marine x2  
  39  3:35  Marine, Orbital Command  
  39  3:37  Stimpack  
  40  3:42  SCV  
  40  3:44  SCV  
  42  3:51  Marine x2  
  42  3:53  Marine  
  42  3:54  SCV  
  46  3:56  Refinery  
  46  3:57  SCV, Terran Infantry Weapons Level 1  
  46  4:02  SCV  
  47  4:06  SCV  
  47  4:08  Barracks  
  47  4:09  SCV  
  48  4:10  Factory  
  47  4:20  SCV x2  
  47  4:21  SCV  
  47  4:22  Marine x3  
  53  4:32  SCV x2  
  53  4:33  SCV  
  53  4:37  Refinery  
  56  4:40  Marine  
  56  4:44  Barracks  
  56  4:45  Barracks  
  59  4:48  SCV  
  59  4:49  SCV  
  59  4:51  Supply Depot  
  59  4:52  Supply Depot, SCV  
  60  4:56  Factory Reactor  
  60  4:58  Starport  
  60  4:59  Barracks Tech Lab  
  59  5:08  Marauder  
  59  5:13  SCV x2, Marine x2  
  65  5:15  Refinery  
  65  5:16  Orbital Command  
  65  5:17  Supply Depot  
  65  5:21  Supply Depot, Combat Shield  
  65  5:22  Concussive Shells  
  65  5:23  Marine  
  65  5:25  SCV x2  
  68  5:29  Marine  
  68  5:31  Marine x2  
  68  5:32  Barracks Tech Lab  
  68  5:33  Supply Depot, Barracks Reactor  
  71  5:35  Supply Depot  
  71  5:37  SCV x2  
  71  5:42  Marine  
  73  5:43  Supply Depot  
  73  5:44  Medivac  
  73  5:45  SCV  
  73  5:47  Marine  
  73  5:48  Marine x2  
  73  5:49  Medivac  
  82  5:55  Factory Reactor  
  82  5:56  SCV x2  
  84  5:57  SCV  
  84  6:00  Marauder  
  84  6:01  Marauder  
  89  6:05  Marauder, Supply Depot  
  89  6:06  Supply Depot, Marine x2  
  89  6:09  Terran Infantry Armor Level 1  
  89  6:10  SCV x2  
  95  6:11  SCV  
  96  6:18  Marine x2  
  96  6:19  Medivac  
  99  6:27  Medivac  
  99  6:29  SCV x3  
  99  6:32  Supply Depot x2  
  104  6:35  Widow Mine x2  
  104  6:37  Marine x4  
  104  6:39  Marauder  
  114  6:41  Marauder  
  114  6:44  Marauder  
  114  6:45  SCV x3  
  120  6:50  Refinery  
  120  6:54  Medivac  
  122  6:57  Medivac  
  122  6:58  Marine x2  
  122  6:59  Marine x2  
  128  7:06  Marauder x3  
  129  7:14  Widow Mine x2  
  133  7:16  Marine x3  
  120  7:24  Medivac  
  120  7:26  Marine  
  120  7:27  Marauder  
  120  7:28  Marauder x2  
  127  7:33  Refinery  
  127  7:34  Marine x3  
  127  7:35  Widow Mine x2  
  127  7:36  Medivac  
  135  7:44  Marine  
  135  7:45  Supply Depot x2  
  135  7:47  SCV x3  
  139  7:51  Armory  
  139  7:52  Marauder x3, Marine x3  
  139  7:57  Supply Depot  
  148  8:02  Marine  
  149  8:06  Viking x2  
  149  8:10  Marine x3  
  156  8:13  Marauder x2  
  156  8:18  Marine  
  152  8:20  Marine  
  151  8:27  Marine  
  151  8:28  Marine  
  151  8:33  Marine  
  154  8:35  Marauder x2  
  154  8:36  Viking x2, Marine  
  154  8:38  Marine  
  157  8:45  Marine  

Tags
 
Add a new tag
Caveats
  • Supply blocks, unpowered buildings, or Contaminate may cause inaccurate times.
  • Supply counts are checked every 10 seconds.